AoeStats
← xxCamper_2

QS Arena

503716888Analyzed
3v3 RM · 29d ago on Sep 1, 2026· 48m 57s· 6 players
Game mode
Random Map
Map size
Normal (6 player)
Population
200
Speed
Normal
Resources
Standard
Victory
Conquest
Starting age
Dark Age
Ending age
Imperial Age
RankedLock teamsTeams togetherTeam positionsShared explorationLock speedFull tech treeHidden civsTurbo modeCheats
Victory
Defeat
🇸🇰 Koreans · Slovakia
1355
+5
🇺🇸 Khmer · United States
1050
+16
🇺🇸 Poles · United States
881
+23
🇩🇪 Byzantines · Germany
1066
-15
🇺🇸 Teutons · United States
1062
-14
🇨🇴 Japanese · Colombia
1022
-13
Governator01
0:29 Loom
8:07 Feudal Age
8:41 Double-Bit Axe
8:46 Horse Collar
11:10 Wheelbarrow
16:37 Castle Age
16:24 Forging
16:15 Scale Mail Armor
18:25 Bow Saw
24:38 Hand Cart
29:55 Imperial Age
28:16 Ballistics
28:06 Fortified Wall
27:51 Fletching
27:50 Pikeman
28:31 Squires
28:17 Arson
28:17 Gambesons
30:59 Conscription
31:55 Siege Engineers
32:37 Masonry
33:07 Heavy Plow
34:09 Chemistry
34:12 Crenellations
34:13 Ironclad
34:34 Halberdier
36:24 Bodkin Arrow
37:05 Iron Casting
36:45 Chain Mail Armor
37:43 Crop Rotation
37:20 Scale Barding Armor
37:29 Bloodlines
38:04 Cavalier
39:59 Blast Furnace
41:37 Chain Barding Armor
42:17 Onager
44:30 Paladin
46:59 Chain Mail Armor
TobsusMaximus
8:38 Feudal Age
12:40 Castle Age
11:43 Loom
13:26 Double-Bit Axe
18:34 Horse Collar
19:06 Bow Saw
26:34 Imperial Age
23:54 Pikeman
25:32 Wheelbarrow
25:20 Heavy Plow
25:28 Scale Mail Armor
26:39 Halberdier
29:54 Forging
30:00 Chain Mail Armor
31:18 Iron Casting
31:01 Murder Holes
31:57 Thumb Ring
31:13 Elite Skirmisher
32:57 Hand Cart
33:20 Onager
35:42 Chemistry
35:03 Ballistics
37:02 Fletching
40:00 Stone Mining
40:01 Gold Mining
40:29 Squires
41:01 Plate Mail Armor
43:47 Light Cavalry
briantorresr25
7:38 Feudal Age
13:30 Castle Age
21:44 Loom
35:46 Imperial Age
35:08 Scale Mail Armor
36:16 Double-Bit Axe
36:47 Forging
36:27 Capped Ram
42:32 Fortified Wall
43:24 Chemistry
43:25 Heavy Scorpion
45:43 Ballistics
45:20 Murder Holes
46:12 Bow Saw
UTA_Boy
7:53 Feudal Age
8:16 Horse Collar
8:24 Double-Bit Axe
15:46 Castle Age
17:08 Heavy Plow
17:11 Loom
18:02 Wheelbarrow
17:17 Light Cavalry
19:32 Forging
20:21 Bloodlines
24:17 Iron Casting
24:19 Bow Saw
24:30 Hand Cart
25:15 Stone Mining
25:15 Gold Mining
26:06 Town Watch
28:59 Fletching
29:15 Scale Barding Armor
30:11 Stone Shaft Mining
32:18 Imperial Age
29:51 Town Patrol
30:52 Ballistics
30:28 Murder Holes
30:44 Fortified Wall
30:46 Masonry
33:12 Chain Barding Armor
32:48 Bodkin Arrow
32:54 Padded Archer Armor
32:28 Elite Skirmisher
33:14 Thumb Ring
33:04 Winged Hussar
34:50 Crop Rotation
35:24 Bracer
36:25 Blast Furnace
35:42 Leather Archer Armor
37:57 Chemistry
37:03 Siege Engineers
36:40 Treadmill Crane
37:29 Conscription
37:16 Szlachta Privileges
41:37 Cavalier
42:20 Husbandry
44:57 Bombard Tower
45:58 Arson
46:15 Squires
DarklyNoon12
8:34 Feudal Age
8:41 Loom
12:50 Castle Age
11:18 Double-Bit Axe
13:41 Bow Saw
15:13 Horse Collar
21:07 Stone Mining
22:29 Wheelbarrow
22:08 Town Watch
23:27 Heavy Plow
24:02 Hand Cart
26:51 Fortified Wall
26:37 Murder Holes
27:03 Ballistics
27:25 Stone Shaft Mining
26:41 Gold Mining
26:38 Light Cavalry
28:54 Scale Barding Armor
28:59 Forging
32:22 Imperial Age
30:32 Fletching
30:43 Padded Archer Armor
31:04 Chain Barding Armor
31:20 Iron Casting
31:13 Bloodlines
31:04 Husbandry
32:57 Gold Shaft Mining
33:19 Siege Engineers
33:24 Double Crossbow
33:26 Heavy Scorpion
34:44 Hussar
36:49 Plate Barding Armor
37:14 Blast Furnace
50:01 Crop Rotation
xxCamper_2
3:37 Loom
6:59 Feudal Age
7:49 Double-Bit Axe
12:51 Fletching
19:00 Castle Age
17:07 Horse Collar
20:01 Bodkin Arrow
29:00 Imperial Age
27:40 Gold Mining
29:04 Gold Shaft Mining
32:54 Bracer
33:10 Scale Mail Armor
33:21 Forging
34:18 Squires
34:04 Gambesons
34:50 Chain Mail Armor
35:30 Bow Saw
35:27 Elite Fire Lancer
36:08 Stone Mining
37:09 Wheelbarrow
36:39 Arson
40:09 Plate Mail Armor
41:31 Hand Cart
41:20 Town Watch
42:44 Iron Casting
44:07 Chemistry
44:43 Ballistics
45:45 Arrowslits
46:43 Eupseong
47:27 Heated Shot
47:40 Treadmill Crane
Connection lost

Rejoining the realm…

Still unreachable

The connection could not be restored.

Session expired

The server has moved on; the page needs a fresh start.